 Dungeon Crawl Stone Soup version 0.28.0-53-g5a82cb258f (webtiles) character file.

Game seed: 8813858106808538384

18789 Revguard the Fighter (level 12, -2/96 HPs)
             Began as a Demonspawn Gladiator on June 15, 2022.
             Was an Initiate of Yredelemnul.
             Slain by a sixfirhy (4 damage)
             ... on level 11 of the Dungeon.
             The game lasted 00:33:00 (14006 turns).

Revguard the Fighter (Demonspawn Gladiator)        Turns: 14006, Time: 00:33:01

Health: -2/96      AC: 22    Str: 19    XL:     12   Next: 30%
Magic:  0/18       EV:  7    Int:  9    God:    Yredelemnul [......]
Gold:   768        SH: 12    Dex: 16    Spells: 11/11 levels left

rFire   . . .      SeeInvis .   o - +3 long sword (drain)
rCold   . . .      Faith    .   m - +1 kite shield
rNeg    . . .      Spirit   +   t - +0 plate armour
rPois   .          Reflect  .   s - +2 hat
rElec   .          Harm     .   g - scarf {repulsion}
rCorr   .          Rampage  .   (gloves unavailable)
Will    .....                   r - +2 pair of boots
Stlth   ..........              (no amulet)
HPRegen 0.26/turn               j - +4 ring of slaying
MPRegen 0.32/turn               (no ring)

@: repel missiles
A: thin metallic scales 2, magic shield, magic regeneration, demonic touch 3
a: Renounce Religion, Recall Undead Harvest


You were on level 11 of the Dungeon.
You worshipped Yredelemnul.
Yredelemnul was aware of your devotion.
You visited 2 branches of the dungeon, and saw 13 of its levels.

You collected 768 gold pieces.

Inventory:

Hand Weapons
 o - a +3 long sword of draining (weapon)
Missiles
 h - 2 throwing nets (quivered)
Armour
 b - a +0 pair of gloves
 g - a scarf of repulsion (worn)
 m - a +1 kite shield (worn)
 r - a +2 pair of boots (worn)
 s - a +2 hat (worn)
 t - a +0 plate armour (worn)
Jewellery
 j - a +4 ring of slaying (left hand)
 q - an amulet of guardian spirit
Wands
 p - a wand of flame (14)
 w - a wand of paralysis (5)
 y - a wand of charming (4)
 E - a wand of acid (1)
 F - a wand of polymorph (5)
Scrolls
 c - 2 scrolls of blinking
 d - 3 scrolls of identify
 e - a scroll of vulnerability
 f - 3 scrolls of immolation
 i - 3 scrolls of teleportation
 k - 3 scrolls of noise
 l - 2 scrolls of magic mapping
 v - a scroll of fear
 C - 2 scrolls of enchant weapon
 D - a scroll of enchant armour
Potions
 a - 3 potions of haste
 n - a potion of mutation
 u - 3 potions of flight
 x - a potion of lignification
 z - 2 potions of might
 A - a potion of resistance
 B - a potion of brilliance
 G - a potion of ambrosia {unknown}


   Skills:
 * Level 9.6 Fighting
 + Level 6.6 Long Blades
 - Level 1.7 Throwing
 * Level 8.5 Armour
 + Level 6.5 Dodging
 * Level 8.3 Shields
 + Level 8.4 Invocations
 + Level 6.4 Evocations


You had 11 spell levels left.
You didn't know any spells.
Your spell library contained the following spells:

 Spells                   Type           Power      Damage    Failure   Level
 Corpse Rot               Necr/Air       0%         N/A       100%        2
 Poisonous Vapours        Pois/Air       0%         N/A       100%        2
 Static Discharge         Conj/Air       0%         N/A       100%        2
 Lightning Bolt           Conj/Air       0%         1d11      100%        5
 Maxwell's Capacitive Co  Air            0%         ∞         100%        8


Dungeon Overview and Level Annotations

Branches:
Dungeon (12/15)            Temple (1/1) D:7            Lair (0/6) D:8
    Orc: D:9-12

Altars:
Ashenzari
Cheibriados
Dithmenos
Elyvilon
Fedhas
Gozag
Hepliaklqana
Kikubaaqudgha
Makhleb
Nemelex Xobeh
Okawaru
Qazlal
Ru
Sif Muna
Trog
Uskayaw
Vehumet
Wu Jian
Xom
Yredelemnul
Zin
The Shining One


Innate Abilities, Weirdness & Mutations

You are mostly covered in thin metallic scales. (AC +3)
When hurt, damage is shared between your health and your magic reserves.
You regenerate magic rapidly.
Your touch may irresistibly damage your foes and sap their willpower.


Message History

Press: ? - help, Dir - move target, p - sixfirhy
As you read the scroll of blinking, it crumbles to dust.
The sixfirhy hits you but does no damage.
Blink to where?
Press: ? - help, Dir - move target
As you read the scroll of blinking, it crumbles to dust.
You climb upwards.
There is a stone staircase leading down here.
Okay, then.
Aiming: Paralyse
Press: ? - help, Shift-Dir - straight line, f - sixfirhy
Aim: a sixfirhy (moderately wounded, chance to affect: 29%)
Okay, then.
Aiming: Charm
Press: ? - help, Shift-Dir - straight line, f - sixfirhy
Aim: a sixfirhy (moderately wounded, chance to affect: 29%)
Okay, then.
Okay, then.
You slash the sixfirhy!
The sixfirhy is heavily wounded.
You barely miss the sixfirhy.
The sixfirhy is heavily wounded.
The sixfirhy closely misses you. The sixfirhy hits you!
* * * LOW HITPOINT WARNING * * *
The sixfirhy shocks you!
* * * LOW HITPOINT WARNING * * *
The sixfirhy closely misses you. The sixfirhy hits you.
* * * LOW HITPOINT WARNING * * *
The sixfirhy shocks you!
* * * LOW HITPOINT WARNING * * *
The sixfirhy hits you but does no damage.
Okay, then.
Aiming: Paralyse
Press: ? - help, Shift-Dir - straight line, f - sixfirhy
Aim: a sixfirhy (moderately wounded, chance to affect: 29%)
The sixfirhy easily resists.
The sixfirhy hits you but does no damage.
You block the sixfirhy's attack. The sixfirhy hits you.
You die...
Your body rises from the dead as a mindless zombie.

........'....#.#'#..+.........#..
........#....###.##.#.........#..
.......Z#..####(..###.........#..
......ZZ######.....##.........#..
........ZZ..'...♣.............#..
............###...###.........#..
..............#...#.#.........#..
..............#.3.#.#####.....#..
....#+###'#...#.@.#.....#.....#..
....#.....#...#...#.....###'###..
....+.....#...#####..............
....#.....#......######..##'##...
....#.....#......# #..#...#...
....#.....#......# #..#...#...
....#####+#......# #..#...#...
.................# #..#...#...
............(....######..#+###...


You could see a sixfirhy.

Vanquished Creatures
  A boulder beetle (D:11)
  Harold (D:9)
  A centaur warrior (D:10)
  2 two-headed ogres
  A sixfirhy (D:12)
  An ugly thing (D:8)
  A cyclops (D:8)
  Maggie (D:9)
  A kobold demonologist (D:10)
  2 trolls
  Prince Ribbit (D:9)
  A raiju (D:12)
  A shadow (D:11)
  2 water elementals (D:11)
  12 yaks
  3 hogs (D:10)
  A human (D:10)
  A vampire mosquito (D:10)
  A steam dragon (D:8)
  4 water moccasins
  2 hornet zombies (D:8)
  2 ice beasts (D:5)
  3 orc warriors
  3 black bears
  A sky beast (D:7)
  An ogre (D:6)
  A human zombie (D:9)
  2 necrophages
  2 centaurs
  A phantom (D:6)
  4 kobold brigands
  A bullfrog (D:6)
  6 scorpions
  A water moccasin zombie (D:3)
  A water moccasin skeleton (D:6)
  6 killer bees
  A troll zombie (D:9)
  3 howler monkeys
  An electric eel (D:10)
  2 lava snakes (D:10)
  2 centaur zombies
  2 hounds
  A jelly (D:4)
  2 orc priests
  A centaur skeleton (D:6)
  3 iguanas (D:6)
  A scorpion zombie (D:5)
  6 orc wizards
  A killer bee zombie (D:7)
  4 hound skeletons
  A howler monkey zombie (D:8)
  3 gnolls (D:2)
  4 adders
  4 shadow imps
  2 white imps
  2 ufetubi
  2 orc zombies (D:9)
  An adder skeleton (D:4)
  19 orcs
  6 endoplasms
  2 giant cockroaches
  2 goblins (D:1)
  4 hobgoblins
  8 kobolds
  4 quokkas
  4 ball pythons
  8 bats
  2 frilled lizards (D:1)
  2 kobold zombies (D:9)
  6 rats
192 creatures vanquished.

Vanquished Creatures (collateral kills)
  A two-headed ogre (D:9)
  The ghost of spica the Destroyer, a journeyman GrEE of Vehumet (D:10)
  An ugly thing (D:12)
  A cyclops (D:11)
  2 centaur zombies
  2 kobold demonologists (D:10)
  A yaktaur (D:11)
  2 trolls (D:11)
  2 water elementals (D:11)
  A vampire (D:12)
  A wraith (D:12)
  4 yaks
  A basilisk (D:12)
  A vampire mosquito (D:10)
  A steam dragon (D:8)
  4 kobold brigands (D:10)
  A bullfrog (D:8)
  An orc priest (D:11)
  5 orc wizards
  7 orcs
  A kobold (D:9)
  A kobold zombie (D:9)
42 creatures vanquished.

Vanquished Creatures (others)
  A centaur zombie (D:10)
  A two-headed ogre zombie (D:8)
  A spectral kobold (D:12)
  A vampire mosquito zombie (D:10)
  A cyclops zombie (D:8)
  A yak zombie (D:8)
  A basilisk zombie (D:12)
  A killer bee zombie (D:9)
  A howler monkey zombie (D:8)
  A spectral white imp (D:8)
  2 spectral shadow imps (D:8)
  2 kobold zombies
  7 orc zombies
  3 fungi (D:10)
  A plant (D:10)
  A withered plant (D:6)
26 creatures vanquished.

Grand Total: 260 creatures vanquished

Notes
Turn   | Place    | Note
-------+----------+-------------------------------------------
     0 | D:1      | Revguard the Demonspawn Gladiator began the quest for the
                  | Orb.
     0 | D:1      | Reached XP level 1. HP: 16/16 MP: 1/1
   270 | D:1      | Gained mutation: You regenerate magic rapidly. [demonic
                  | ancestry]
   270 | D:1      | Reached XP level 2. HP: 21/22 MP: 2/2
   664 | D:1      | Found a faded altar of an unknown god.
  1150 | D:2      | Reached skill level 1 in Armour
  1423 | D:2      | Noticed a black bear
  1606 | D:2      | Gained mutation: Your touch may inflict minor irresistible
                  | damage on your foes. [demonic ancestry]
  1606 | D:2      | Reached XP level 3. HP: 19/28 MP: 3/3
  1609 | D:2      | Reached skill level 1 in Invocations
  1817 | D:2      | Killed a black bear
  1818 | D:2      | Reached skill level 3 in Fighting
  1818 | D:2      | Reached skill level 1 in Shields
  1818 | D:2      | Reached skill level 1 in Evocations
  1818 | D:2      | Reached XP level 4. HP: 17/35 MP: 3/5
  1818 | D:2      | Gained mutation: Your touch may inflict irresistible damage
                  | on your foes. [demonic ancestry]
  1818 | D:2      | Reached XP level 5. HP: 20/41 MP: 3/6
  3415 | D:4      | Noticed a necrophage
  3432 | D:4      | Killed a necrophage
  3433 | D:4      | Reached XP level 6. HP: 35/47 MP: 7/7
  4255 | D:5      | Entered Level 5 of the Dungeon
  4491 | D:5      | Noticed an ice beast
  4503 | D:5      | Killed an ice beast
  4504 | D:5      | Reached skill level 4 in Fighting
  4504 | D:5      | Gained mutation: You are partially covered in thin metallic
                  | scales. (AC +2) [demonic ancestry]
  4504 | D:5      | Reached XP level 7. HP: 32/54 MP: 3/9
  4781 | D:5      | Identified the +7 hand crossbow "Laasi" {flame, Will+}
  5402 | D:6      | Reached XP level 8. HP: 61/61 MP: 10/10
  5555 | D:6      | Reached skill level 5 in Fighting
  5635 | D:6      | Found an ancient bone altar of Kikubaaqudgha.
  6232 | D:7      | Gained mutation: When hurt, damage is shared between your
                  | health and your magic reserves. [demonic ancestry]
  6232 | D:7      | Reached XP level 9. HP: 61/68 MP: 12/12
  6795 | D:7      | Found a staircase to the Ecumenical Temple.
  6802 | Temple   | Entered the Ecumenical Temple
  7035 | Temple   | Became a worshipper of Yredelemnul the Dark
  7535 | D:8      | Reached * piety under Yredelemnul
  7545 | D:8      | Reached skill level 6 in Fighting
  7545 | D:8      | Reached skill level 5 in Armour
  7549 | D:8      | Reached skill level 5 in Invocations
  7553 | D:8      | Reached ** piety under Yredelemnul
  7553 | D:8      | Reached skill level 5 in Shields
  7803 | D:8      | Found a staircase to the Lair.
  8151 | D:8      | Reached *** piety under Yredelemnul
  8317 | D:8      | Reached **** piety under Yredelemnul
  8413 | D:8      | Noticed a two-headed ogre
  8417 | D:8      | Noticed a cyclops
  8422 | D:8      | Killed a two-headed ogre
  8423 | D:8      | Reached skill level 5 in Long Blades
  8423 | D:8      | Reached skill level 5 in Dodging
  8423 | D:8      | Gained mutation: You are mostly covered in thin metallic
                  | scales. (AC +3) [demonic ancestry]
  8423 | D:8      | Reached XP level 10. HP: 65/77 MP: 14/14
  8426 | D:8      | Killed a cyclops
  8426 | D:8      | Reached ***** piety under Yredelemnul
  8427 | D:8      | Reached skill level 7 in Fighting
  8429 | D:8      | Noticed a brown ugly thing
  8449 | D:8      | Killed a brown ugly thing
  9234 | D:9      | Noticed a two-headed ogre
  9265 | D:9      | Killed a two-headed ogre
  9492 | D:9      | Noticed a two-headed ogre
  9498 | D:9      | Killed a two-headed ogre
  9499 | D:9      | Reached skill level 5 in Evocations
  9746 | D:9      | Noticed Maggie
  9748 | D:9      | Noticed Prince Ribbit
  9751 | D:9      | Noticed Harold
  9757 | D:9      | Killed Prince Ribbit
  9758 | D:9      | Killed Maggie
  9763 | D:9      | Killed Harold
  9763 | D:9      | Your ally Prince Ribbit died
  9764 | D:9      | Reached skill level 8 in Fighting
  9764 | D:9      | Reached XP level 11. HP: 6/86 MP: 1/16
 10719 | D:10     | Entered Level 10 of the Dungeon
 10723 | D:10     | Noticed a centaur warrior
 10889 | D:10     | Killed a centaur warrior
 11279 | D:10     | Found a runed translucent gate.
 11279 | D:10     | Noticed spica's ghost (journeyman GrEE)
 11282 | D:10     | Found a runed translucent gate.
 11283 | D:10     | Found a runed translucent gate.
 11916 | D:10     | Noticed a sixfirhy
 11923 | D:10     | Reached ****** piety under Yredelemnul
 11939 | D:10     | Killed spica's ghost
 11940 | D:10     | Reached skill level 9 in Fighting
 12357 | D:11     | Noticed a boulder beetle
 12359 | D:11     | Noticed a boulder beetle
 12374 | D:11     | Banished a boulder beetle
 12387 | D:11     | Killed a boulder beetle
 12674 | D:11     | Gained mutation: Your touch may irresistibly damage your
                  | foes and sap their willpower. [demonic ancestry]
 12674 | D:11     | Reached XP level 12. HP: 89/95 MP: 18/18
 13991 | D:12     | Identified the +8 quick blade of Dypli {elec, rElec Str+2
                  | Dex+5}
 13992 | D:12     | Noticed a six-headed hydra
 14005 | D:11     | HP: 2/96 [sixfirhy (8)]
 14006 | D:11     | Slain by a sixfirhy

Illustrated notes

Levels and vault maps discovered:
D:1:      nzn_arrival_settlement, layout_basic,
          shapermc_ecumenical_altar_mp_highgroup,
          chequers_serial_rivers_micro_e, minmay_misc_feat_more_columns,
          minmay_tree_intersection, hangedman_feature_mirror
D:2:      layout_basic, kennysheep_crisscross, grunt_ministairs_15,
          kennysheep_generic_room_6
D:3:      layout_basic, corexii_item_surrounded_by_moat
D:4:      layout_rooms
D:5:      layout_basic, minmay_misc_feat_doors, minmay_misc_feat_ornament,
          nicolae_fountain_basement
D:6:      layout_rooms, kiku_gazebo_garden_becter
D:7:      layout_layer_cave, temple_statues, wad_floor_pattern_2, minivault_22
D:8:      minmay_slanted_spiral_squares, layout_basic, lair_entry_dummy
D:9:      layout_irregular_city, hangedman_abyss_or_decor_jellyfish_corner,
          uniq_harold, uniq_prince_ribbit1, uniq_maggie
D:10:     layout_cave_pools, gammafunk_ghost_nasty_kobolds,
          nicolae_lava_and_water, grunt_livestock
D:11:     layout_irregular_city, grunt_ministairs_14, nicolae_underground_beach
D:12:     minmay_shoctagon, layout_rooms, david_orc_1_choice,
          gammafunk_ghost_wrathful_warriors
Temple:   mainiacjoe_temple_archimedes_tessellation

Skill      XL: |  1  2  3  4  5  6  7  8  9 10 11 12 |
---------------+-------------------------------------+-----
Armour         | 1 2 3 4 5 7 8 |  8.5
Invocations    | 1 2 3 4 5 6 8 |  8.4
Fighting       | 3 4 5 6 8 9 |  9.6
Long Blades    | 3 4 5 6 |  6.6
Dodging        | 3 4 5 6 |  6.5
Shields        | 1 2 3 4 5 6 7 8 |  8.3
Evocations     | 1 2 3 4 5 6 |  6.4
Throwing       | |  1.7

Action                   |  1- 3 |  4- 6 |  7- 9 | 10-12 || total
-------------------------+-------+-------+-------+-------++-------
Melee: Long sword        |    91 |   133 |   214 |   274 ||   712
       Punch             |     1 |       |       |       ||     1
Throw: Throwing net      |     3 |       |     2 |     3 ||     8
Invok: Recall Undead Har |       |       |       |     8 ||     8
       Bind Soul         |       |       |       |     1 ||     1
Evoke: Wand              |       |       |       |    18 ||    18
  Use: Potion            |     1 |       |       |     7 ||     8
       Scroll            |       |     7 |     8 |     9 ||    24
 Stab: Held in net/web   |       |       |     2 |       ||     2
       Distracted        |       |       |     1 |     5 ||     6
Armor: Leather armour    |    17 |       |       |       ||    17
       Ring mail         |    21 |    57 |     2 |       ||    80
       Plate armour      |       |       |   171 |   300 ||   471
Dodge: Dodged            |    85 |    60 |    41 |   108 ||   294
       Repelled          |       |       |       |     6 ||     6
Block: Kite shield       |    24 |    66 |   100 |   259 ||   449
